 Dungeon Crawl Stone Soup version 0.21-a0-110-g8e1637b (webtiles) character file.

16 sagitran the Skirmisher (level 2, 0/21 HPs)
             Began as a Demonspawn Abyssal Knight on July 10, 2017.
             Was a Follower of Lugonu.
             Slain by an adder (1 damage)
             ... on level 1 of the Dungeon.
             The game lasted 00:04:01 (555 turns).

sagitran the Skirmisher (Demonspawn Abyssal Knight)  Turns: 555, Time: 00:04:02

Health: 0/21       AC:  3    Str: 12    XL:     2   Next: 37%
Magic:  3/3        EV: 11    Int: 13    God:    Lugonu [*.....]
Gold:   27         SH:  0    Dex: 12    Spells: 1/1 levels left

rFire    . . .     SeeInvis .   a - +1 falchion
rCold    . . .     Gourm    .   (no shield)
rNeg     . . .     Faith    .   b - +0 leather armour
rPois    .         Spirit   .   (no helmet)
rElec    .         Reflect  .   (no cloak)
rCorr    .         Harm     .   (no gloves)
MR       .....                  (no boots)
Stlth    +.........             (no amulet)
HPRegen  0.07/turn              (no ring)
MPRegen  0.08/turn              (no ring)

@: lethally poisoned (0 -> -4)
A: claws 1, talons 1, deterioration 1, frail 1
a: Depart the Abyss, Renounce Religion


You were on level 1 of the Dungeon.
You worshipped Lugonu.
Lugonu was aware of your devotion.
You were not hungry.

You visited 1 branch of the dungeon, and saw 2 of its levels.
You visited the Abyss 1 time.

You collected 27 gold pieces.

Inventory:

Hand Weapons
 a - a +1 falchion (weapon)
 h - a +0 hunting sling
Missiles
 i - a stone (quivered)
Armour
 b - a +0 leather armour (worn)
Scrolls
 e - 3 scrolls of identify {unknown}
 f - 3 scrolls of remove curse {unknown}
 g - 2 scrolls of magic mapping {unknown}
Comestibles
 c - a bread ration
 d - a royal jelly


   Skills:
 + Level 3.4 Fighting
 + Level 2.0 Long Blades
 + Level 1.9 Armour
 + Level 1.1 Dodging
 + Level 2.5 Invocations


You had one spell level left.
You didn't know any spells.

Dungeon Overview and Level Annotations

Branches:
Dungeon (2/15)

Altars:


Innate Abilities, Weirdness & Mutations

You have sharp fingernails.
You have sharp toenails.
Your body sometimes deteriorates upon taking damage.
You are frail. (-10% HP)


Message History

Lugonu accepts your kill.
* * * LOW HITPOINT WARNING * * *
You feel sick. The adder barely misses you. The adder closely misses you.
A bat comes into view.
* * * LOW HITPOINT WARNING * * *
You feel sick.
You see here a rat corpse.
* * * LOW HITPOINT WARNING * * *
You feel sick. The bat closely misses you.
Okay, then.
A leopard gecko comes into view.
The bat hits you but does no damage. The adder barely misses you.
* * * LOW HITPOINT WARNING * * *
You feel sick. The bat hits you.
* * * LOW HITPOINT WARNING * * *
You hit the adder. You claw the adder.
The adder is almost dead.
The bat closely misses you.
You riposte.
You hit the bat but do no damage. The adder bites you.
You die...

###..##.#
# ######
##.##.#
#....#
#..#.###
#....#
#......#
#....#
#.##...#
#..l.#
#...#..##
#...b#
###......
#....#
####...
#...@#
##..
###.S###
##.
##...# #.
###.# #.
#†## #.
#..# #.
##.###
##. #...#
###..
###.#
#....


You could see an adder, a leopard gecko and a bat.

Vanquished Creatures
  A bat (D:1)
  2 goblins (D:1)
  2 hobgoblins (D:1)
  2 jackals (D:1)
  4 kobolds (D:1)
  A frilled lizard (D:1)
  3 rats (D:1)
15 creatures vanquished.

Notes
Turn   | Place    | Note
-------+----------+-------------------------------------------
     0 | Abyss:1  | sagitran the Demonspawn Abyssal Knight began the quest for the Orb.
     0 | Abyss:1  | Reached XP level 1. HP: 18/18 MP: 2/2
    78 | Abyss:1  | Noticed a large abomination
    85 | D:1      | Escaped the Abyss
   217 | D:1      | Gained mutation: You have sharp fingernails. [demonic ancestry]
   217 | D:1      | Reached XP level 2. HP: 22/24 MP: 3/3
   284 | D:1      | Reached * piety under Lugonu
   511 | D:1      | Reached skill level 1 in Dodging
   547 | D:1      | Gained mutation: You are frail. (-10% HP) [potion of mutation]
   547 | D:1      | Gained mutation: Your body sometimes deteriorates upon taking damage. [potion of mutation]
   547 | D:1      | Gained mutation: You have sharp toenails. [potion of mutation]
   554 | D:1      | HP: 1/21 [bat (1)]
   555 | D:1      | Slain by an adder

Vault maps used:
D:1:      eino_arrival_cavern_e
D:2:      first_bread, uniq_sigmund

Skill      XL: |  1  2 |
---------------+-------+-----
Long Blades    | 2 |  2.0
Dodging        | 1 |  1.1
Fighting       | |  3.4
Armour         | |  1.9
Invocations    | |  2.5

Action                   || total
-------------------------++-------
Melee: Falchion          ||    35
       Kick              ||     2
Invok: Depart the Abyss  ||     1
  Use: Potion            ||     1
Armor: Leather armour    ||    12
Dodge: Dodged            ||    42
       Rpst.: Falchion   ||    16
